 Dungeon Crawl Stone Soup version 0.28.0-43-g3370ac3207 (webtiles) character file.

Game seed: 11951787077623829673

184 Ablot the Grasshopper (level 5, -10/43 HPs)
             Began as a Gnoll Warper on Mar 21, 2022.
             Mangled by Menkaure (15 damage)
             ... on level 4 of the Dungeon.
             The game lasted 00:03:58 (4542 turns).

Ablot the Grasshopper (Gnoll Warper)                Turns: 4542, Time: 00:03:58

Health: -10/43     AC:  3    Str: 12    XL:     5   Next: 64%
Magic:  12/12      EV: 13    Int: 12    God:
Gold:   165        SH:  0    Dex: 12    Spells: 10/14 levels left

rFire   . . .      SeeInvis .   a - +0 spear
rCold   + . .      Faith    .   (no shield)
rNeg    . . .      Spirit   .   b - +0 leather armour
rPois   .          Reflect  .   (no helmet)
rElec   .          Harm     .   (no cloak)
rCorr   .          Rampage  .   (no gloves)
Will    +....                   (no boots)
Stlth   +.........              (no amulet)
HPRegen 0.14/turn               e - ring of protection from cold
MPRegen 0.13/turn               t - ring of willpower

@: no status effects
A: fangs 1, strong nose, distributed training
a: no special abilities


You were on level 4 of the Dungeon.
You visited 1 branch of the dungeon, and saw 4 of its levels.

You collected 165 gold pieces.

Inventory:

Hand Weapons
 a - a +0 spear (weapon)
 j - a +2 vampiric short sword
Missiles
 d - 5 boomerangs of dispersal
 g - 103 stones
 h - 18 arrows
 o - 19 bolts
 q - 2 boomerangs (quivered)
 v - 9 sling bullets
 w - 6 poisoned darts
 y - 6 datura-tipped darts
Armour
 b - a +0 leather armour (worn)
Jewellery
 e - a ring of protection from cold (left hand)
 t - a ring of willpower (right hand)
Scrolls
 c - a scroll of blinking
 i - a scroll of brand weapon {unknown}
 k - 4 scrolls of immolation {unknown}
 l - 2 scrolls of teleportation {unknown}
 m - a scroll of noise {unknown}
 u - 3 scrolls of identify {unknown}
 x - 2 scrolls of magic mapping {unknown}
 B - a scroll of acquirement {unknown}
Potions
 f - 3 potions of curing {unknown}
 n - a potion of lignification {unknown}
 p - 2 potions of attraction {unknown}
 r - a potion of invisibility {unknown}
 s - a potion of magic {unknown}
 z - a potion of flight {unknown}
 A - a potion of brilliance {unknown}
 C - a potion of resistance {unknown}
 D - a potion of degeneration {unknown}


   Skills:
 + Level 4.8 Fighting
 + Level 1.6 Short Blades
 + Level 1.6 Long Blades
 + Level 1.6 Axes
 + Level 1.6 Maces & Flails
 + Level 4.8 Polearms
 + Level 1.6 Staves
 + Level 1.6 Slings
 + Level 1.6 Bows
 + Level 1.6 Crossbows
 + Level 3.0 Throwing
 + Level 3.0 Armour
 + Level 4.8 Dodging
 + Level 1.6 Stealth
 + Level 1.6 Shields
 + Level 1.6 Unarmed Combat
 + Level 5.2 Spellcasting
 + Level 1.2 Conjurations
 + Level 1.2 Hexes
 + Level 1.2 Summonings
 + Level 1.2 Necromancy
 + Level 5.5 Translocations
 + Level 1.2 Transmutations
 + Level 1.2 Fire Magic
 + Level 1.2 Ice Magic
 + Level 1.2 Air Magic
 + Level 1.2 Earth Magic
 + Level 1.2 Poison Magic
 + Level 1.8 Invocations
 + Level 1.6 Evocations


You had 10 spell levels left.
You knew the following spells:

 Your Spells              Type           Power      Damage    Failure   Level
a - Blink                 Tloc           32%        N/A       3%          2
b - Passwall              Tmut/Erth      5%         N/A       22%         2

Your spell library contained the following spells:

 Spells                   Type           Power      Damage    Failure   Level
 Gell's Gravitas          Tloc           16%        N/A       8%          3
 Lesser Beckoning         Tloc           16%        N/A       8%          3
 Teleport Other           Tloc           16%        N/A       8%          3
 Ensorcelled Hibernation  Hex/Ice        12%        N/A       22%         2
 Inner Flame              Hex/Fire       6%         N/A       41%         3
 Swiftness                Air            6%         N/A       41%         3
 Manifold Assault         Tloc           16%        N/A       56%         5
 Cause Fear               Hex            3%         N/A       82%         4
 Discord                  Hex            3%         N/A       100%        8


Dungeon Overview and Level Annotations

Branches:
Dungeon (4/15)
 Temple: D:4-7

Altars:
Fedhas
Yredelemnul

Annotations:
D:3 exclusion: oklob plant
D:4 Menkaure


Innate Abilities, Weirdness & Mutations

You have very sharp teeth.
Your uncanny sense of smell can sniff out nearby items.
Your experience applies equally to all skills.


Message History

You throw a boomerang. The boomerang barely misses Menkaure.
Menkaure points at you and mumbles some strange words.
You resist with some effort.
Throw: 2 boomerangs
Press: ? - help, Q - select action, (/) - cycle Shift-Dir - straight line, f/p - Menkaure
Aim: Menkaure (lightly damaged, fast, 75% to hit)
You throw a boomerang. The boomerang hits Menkaure.
Menkaure is moderately damaged.
Menkaure gestures at you while chanting.
Pain shoots through your body!
You are too injured to fight recklessly!
Reach: a) +0 spear
Press: ? - help, Dir - move target, f/p - Menkaure
Aim: Menkaure (moderately damaged, fast, about 23% to evade your +0 spear)
You reach to attack!
You hit Menkaure.
Menkaure is moderately damaged.
Menkaure calls on the powers of darkness!
Your body is wracked with pain!
* * * LOW HITPOINT WARNING * * *
Reach: a) +0 spear
Press: ? - help, Dir - move target, f/p - Menkaure
Aim: Menkaure (moderately damaged, fast, about 23% to evade your +0 spear)
You reach to attack!
You hit Menkaure.
Menkaure is heavily damaged.
Unknown command.
Reach: a) +0 spear
Press: ? - help, Dir - move target, f/p - Menkaure
Aim: Menkaure (heavily damaged, fast, about 23% to evade your +0 spear)
You hit Menkaure but do no damage.
Menkaure is heavily damaged.
Menkaure casts a spell at you. Pain shoots through your body!
* * * LOW HITPOINT WARNING * * *
Reach: a) +0 spear
Press: ? - help, Dir - move target, f/p - Menkaure
Aim: Menkaure (heavily damaged, fast, about 23% to evade your +0 spear)
You barely miss Menkaure.
Menkaure is heavily damaged.
Menkaure hits you!
You die...

##.....# ......#
#......# #.....
#.....#### #....#
##....#... #....#
#.....'... #....#
#.....#>.. #....#
#.....#... #######M...#
##....#... ....?..@...#
#....#... !..........#
####'##... ...........#
#.........
...........####.........
#+###+#....)............
+.................
#.................
#.................
...#+##########+###


You could see Menkaure (fast).

Vanquished Creatures
  A water moccasin skeleton (D:3)
  A hound zombie (D:3)
  5 adders
  2 worms
  A dart slug (D:1)
  An orc (D:4)
  7 endoplasms
  3 giant cockroaches
  8 goblins
  6 hobgoblins
  8 kobolds
  3 quokkas (D:1)
  8 ball pythons
  5 bats
  7 frilled lizards
  3 rats
  A spectral orc (D:3)
70 creatures vanquished.

Notes
Turn   | Place    | Note
-------+----------+-------------------------------------------
     0 | D:1      | Ablot the Gnoll Warper began the quest for the Orb.
     0 | D:1      | Reached XP level 1. HP: 20/20 MP: 6/6
   118 | D:1      | Reached XP level 2. HP: 26/26 MP: 7/7
   121 | D:1      | Learned a level 2 spell: Blink
   557 | D:1      | Reached XP level 3. HP: 29/31 MP: 9/9
   587 | D:1      | Reached skill level 5 in Spellcasting
   850 | D:1      | Found a faded altar of an unknown god.
  1065 | D:2      | Reached skill level 1 in Invocations
  1391 | D:2      | Reached skill level 1 in Short Blades
  1391 | D:2      | Reached skill level 1 in Long Blades
  1391 | D:2      | Reached skill level 1 in Axes
  1391 | D:2      | Reached skill level 1 in Maces & Flails
  1391 | D:2      | Reached skill level 1 in Staves
  1391 | D:2      | Reached skill level 1 in Slings
  1391 | D:2      | Reached skill level 1 in Bows
  1391 | D:2      | Reached skill level 1 in Crossbows
  1391 | D:2      | Reached skill level 1 in Stealth
  1391 | D:2      | Reached skill level 1 in Shields
  1391 | D:2      | Reached skill level 1 in Unarmed Combat
  1391 | D:2      | Reached skill level 1 in Evocations
  1472 | D:2      | Reached XP level 4. HP: 27/38 MP: 11/11
  2515 | D:3      | Reached skill level 1 in Conjurations
  2515 | D:3      | Reached skill level 1 in Hexes
  2515 | D:3      | Reached skill level 1 in Summonings
  2515 | D:3      | Reached skill level 1 in Necromancy
  2515 | D:3      | Reached skill level 1 in Transmutations
  2515 | D:3      | Reached skill level 1 in Fire Magic
  2515 | D:3      | Reached skill level 1 in Ice Magic
  2515 | D:3      | Reached skill level 1 in Air Magic
  2515 | D:3      | Reached skill level 1 in Earth Magic
  2515 | D:3      | Reached skill level 1 in Poison Magic
  2892 | D:3      | Reached XP level 5. HP: 13/43 MP: 12/12
  3960 | D:3      | Found a blossoming altar of Fedhas.
  3981 | D:3      | Noticed an oklob plant
  4056 | D:3      | Found a basalt altar of Yredelemnul.
  4209 | D:3      | Learned a level 2 spell: Passwall
  4531 | D:4      | Noticed Menkaure
  4542 | D:4      | Mangled by Menkaure

Illustrated notes

Levels and vault maps discovered:
D:1:      dpeg_arrival_tiny_h, layout_basic,
          hellmonk_ecumenical_altar_inner_sanctum, due_unseen_surprise
D:2:      layout_basic, patterned_corridor
D:3:      layout_basic, tgw_fedhas, yredelemnul_forgotten_temple_becter
D:4:      minmay_chambers_of_threes, layout_gridville,
          mainiacjoe_overflow_tiny_flanked, minmay_temple_entry_oklob,
          nicolae_shop_self_help, uniq_menkaure, uniq_duvessa

Skill      XL: |  1  2  3  4  5 |
---------------+----------------+-----
Spellcasting   | 5 |  5.2
Invocations    | 1 |  1.8
Short Blades   | 1 |  1.6
Long Blades    | 1 |  1.6
Axes           | 1 |  1.6
Maces & Flails | 1 |  1.6
Staves         | 1 |  1.6
Slings         | 1 |  1.6
Bows           | 1 |  1.6
Crossbows      | 1 |  1.6
Stealth        | 1 |  1.6
Shields        | 1 |  1.6
Unarmed Combat | 1 |  1.6
Evocations     | 1 |  1.6
Conjurations   | 1 |  1.2
Hexes          | 1 |  1.2
Summonings     | 1 |  1.2
Necromancy     | 1 |  1.2
Transmutations | 1 |  1.2
Fire Magic     | 1 |  1.2
Ice Magic      | 1 |  1.2
Air Magic      | 1 |  1.2
Earth Magic    | 1 |  1.2
Poison Magic   | 1 |  1.2
Throwing       | 3 |  3.0
Armour         | 3 |  3.0
Fighting       | |  4.8
Polearms       | |  4.8
Dodging        | |  4.8
Translocations | |  5.5

Action                   |  1- 3 |  4- 6 || total
-------------------------+-------+-------++-------
Melee: Spear             |    57 |     4 ||    61
       Short sword       |    58 |   134 ||   192
       Bite              |     7 |    14 ||    21
       Punch             |     1 |     2 ||     3
Throw: Boomerang         |       |     6 ||     6
 Cast: Passwall          |       |     2 ||     2
 Stab: Sleeping          |     1 |     2 ||     3
Armor: Leather armour    |    28 |    22 ||    50
Dodge: Dodged            |    67 |    80 ||   147
